 Dungeon Crawl Stone Soup version 0.26-a0-27-g1f0226971c (webtiles) character file.

Game seed: 16694869621114042358, levelgen mode: deterministic

754 Dirian the Chopper (level 7, -1/91 HPs)
             Began as a Minotaur Fighter on May 27, 2020.
             Slain by a howler monkey (3 damage)
             ... on level 4 of the Dungeon.
             The game lasted 00:05:48 (3392 turns).

Dirian the Chopper (Minotaur Fighter)               Turns: 3392, Time: 00:05:48

Health: -1/91      AC: 10    Str: 22    XL:     7   Next: 49%
Magic:  6/6        EV:  8    Int:  5    God:
Gold:   234        SH: 10    Dex: 10    Spells: 6/6 levels left

rFire    . . .     SeeInvis .   d - +0 war axe "Miawekhou" {flame, rC+ Stlth+}
rCold    + . .     Gourm    .   c - +0 kite shield
rNeg     . . .     Faith    .   g - +2 ring mail {rPois}
rPois    +         Spirit   .   (helmet restricted)
rElec    .         Reflect  .   (no cloak)
rCorr    .         Harm     .   (no gloves)
MR       .....                  q - +1 pair of boots
Stlth    ..........             (no amulet)
HPRegen  0.25/turn              (no ring)
MPRegen  0.10/turn              (no ring)

@: berserking, very quick
A: retaliatory headbutt, horns 2
a: no special abilities


You were on level 4 of the Dungeon.
You were not hungry.

You visited 1 branch of the dungeon, and saw 4 of its levels.

You collected 234 gold pieces.

Inventory:

Hand Weapons
 a - a +0 war axe
 d - the +0 war axe "Miawekhou" (weapon) {flame, rC+ Stlth+}
   (You found it on level 4 of the Dungeon)

   It has been specially enchanted to burn those struck by it, causing extra
   injury to most foes and up to half again as much damage against particularly
   susceptible opponents.
   Big, fiery blades are also staple armaments of hydra-hunters.
   It protects you from cold.
   It makes you more stealthy.
 v - the +7 whip "Fipher" {distort, rElec}
   (You took it off a big kobold on level 3 of the Dungeon)

   It warps and distorts space around it.
   Unwielding it can cause banishment or high damage.
   It insulates you from electricity.
Armour
 b - a +0 scale mail
 c - a +0 kite shield (worn)
 g - a +2 ring mail of poison resistance (worn)
 l - a +0 pair of boots
 q - a +1 pair of boots (worn)
 y - a +0 ring mail of magic resistance
Jewellery
 o - an uncursed ring of protection from cold {unknown}
Wands
 j - a wand of flame (6)
Scrolls
 h - 4 scrolls of identify {unknown}
 k - 3 scrolls of teleportation {unknown}
 t - 2 scrolls of magic mapping {unknown}
 u - 2 scrolls of remove curse {unknown}
 w - a scroll of random uselessness {unknown}
Potions
 e - a potion of berserk rage
 i - 2 potions of mutation {unknown}
 m - a potion of invisibility {unknown}
 n - 2 potions of brilliance {unknown}
 p - a potion of flight {unknown}
 r - a potion of curing {unknown}
 s - a potion of heal wounds {unknown}
Comestibles
 f - 8 rations
 x - 4 chunks of flesh


   Skills:
 + Level 5.0 Fighting
 * Level 7.8 Axes
 + Level 5.6 Armour
 + Level 5.2 Shields


You had 6 spell levels left.
You didn't know any spells.
Your spell library contained the following spells:

 Spells                   Type           Power        Failure   Level  Hunger
 Apportation              Tloc           #.....       96%         1    ##.....
 Gell's Gravitas          Tloc           #.........   100%        3    ####...
 Portal Projectile        Hex/Tloc       #.....       100%        3    ####...
 Malign Gateway           Summ/Tloc      #.........   100%        7    #######


Dungeon Overview and Level Annotations

Branches:
Dungeon (4/15)
 Temple: D:4-7

Altars:
Dithmenos
Xom

Portals:
Abyss: D:3


Innate Abilities, Weirdness & Mutations

You reflexively headbutt those who attack you in melee.
You have a pair of horns on your head.


Message History

The orc priest mumbles some strange prayers to Beogh against you.
Beogh smites you!
* * * LOW HITPOINT WARNING * * *
Something hits you but does no damage. You block the howler monkey's attack.
The orc priest calls down the wrath of Beogh upon you.
Pain shoots through your body!
* * * LOW HITPOINT WARNING * * *
Something hits you but does no damage.
It was a potion of berserk rage.
A red film seems to cover your vision as you go berserk!
You feel yourself moving faster!
You feel mighty!
The howler monkey completely misses you.
The orc priest hits you but does no damage.
The howler monkey closely misses you. Something hits you but does no damage.
You slice the orc priest!! You burn the orc priest.
You kill the orc priest!
Your Fighting skill increases to level 5!
You barely miss something. You barely miss the howler monkey.
The howler monkey hits you.
You die...

#### ###.#.# ###.......
## ##.........
##..#.@........
#....)h{.....#
###.##).)....## #
##........ #######
##......... .##.^.#####
##.........#
..#....##.####.........##
..........##........##.#
#..........#......### #


You could see a howler monkey (catching breath).

Vanquished Creatures
  The ghost of coffeespoons the Skirmisher, an amateur DsMo of Ru (D:3)
  An ogre (D:4)
  A big kobold (D:3)
  4 crimson imps (D:3)
  An orc priest (D:4)
  Natasha (thrice) (D:3)
  An orc wizard (D:4)
  A hound skeleton (D:4)
  8 adders
  A white imp (D:3)
  An ufetubus (D:3)
  A worm (D:2)
  3 dart slugs
  14 orcs
  5 giant cockroaches
  4 goblins
  9 hobgoblins
  10 jackals
  2 quokkas (D:2)
  2 ball pythons
  3 bats (D:1)
  4 frilled lizards
  11 kobolds
  A quokka zombie (D:3)
  7 rats
99 creatures vanquished.

Notes
Turn   | Place    | Note
-------+----------+-------------------------------------------
     0 | D:1      | Dirian the Minotaur Fighter began the quest for the Orb.
     0 | D:1      | Reached XP level 1. HP: 19/19 MP: 0/0
    89 | D:1      | Reached XP level 2. HP: 19/27 MP: 1/1
   772 | D:2      | Reached XP level 3. HP: 33/33 MP: 2/2
   804 | D:2      | Reached skill level 3 in Axes
   958 | D:2      | Found a shadowy altar of Dithmenos.
  1125 | D:2      | Reached XP level 4. HP: 40/40 MP: 3/3
  1906 | D:3      | Found a shimmering altar of Xom.
  1916 | D:3      | Reached skill level 4 in Axes
  1916 | D:3      | Reached XP level 5. HP: 45/47 MP: 4/4
  1954 | D:3      | Reached skill level 5 in Axes
  2163 | D:3      | Found a one-way gate to the infinite horrors of the Abyss.
  2163 | D:3      | Noticed coffeespoons's ghost (amateur DsMo)
  2171 | D:3      | Found a transporter.
  2264 | D:3      | Noticed Natasha
  2273 | D:3      | Killed Natasha
  2273 | D:3      | Reached XP level 6. HP: 45/53 MP: 5/5
  2309 | D:3      | Noticed Natasha
  2320 | D:3      | Killed Natasha
  2389 | D:3      | Reached skill level 6 in Axes
  2496 | D:3      | Noticed Natasha
  2499 | D:3      | Killed Natasha
  2701 | D:3      | Found a transporter.
  2912 | D:3      | Identified the +7 whip "Fipher" {distort, rElec}
  2937 | D:3      | Got Lugonu's Catalogue of the Voyage
  2952 | D:3      | Reached skill level 5 in Armour
  2986 | D:3      | Killed coffeespoons's ghost
  2986 | D:3      | Reached skill level 7 in Axes
  2986 | D:3      | Reached skill level 5 in Shields
  2986 | D:3      | Reached XP level 7. HP: 44/60 MP: 6/6
  3109 | D:4      | Got an encrusted war axe
  3125 | D:4      | Identified the +0 war axe "Miawekhou" {flame, rC+ Stlth+}
                  | (You found it on level 4 of the Dungeon)
  3390 | D:4      | HP: 1/60 [orc priest/nerve-wracking pain (9)]
  3392 | D:4      | Reached skill level 5 in Fighting
  3392 | D:4      | Slain by a howler monkey

Illustrated notes

Levels and vault maps discovered:
D:1:      tarquinn_simple_flora_water_d, layout_basic, dk_noncrumbling_3,
          minmay_box_of_dots
D:2:      layout_rooms, hangedman_abyss_or_decor_lesser_grid, kennysheep_nub,
          kennysheep_nondescript, grunt_dithmenos_smoke_and_mirrors
D:3:      layout_basic, gammafunk_ghost_abyssal_escape,
          hangedman_decor_clover_reticule, small_statue_intersection,
          led_xom_imps, uniq_natasha
D:4:      layout_cave_pools, first_ration, st_stairs_9, uniq_sigmund

Skill      XL: |  1  2  3  4  5  6  7 |
---------------+----------------------+-----
Armour         | 4 5 |  5.6
Fighting       | 4 5 |  5.0
Shields        | 4 5 |  5.2
Axes           | 3 4 5 7 |  7.8

Action                   |  1- 3 |  4- 6 |  7- 9 || total
-------------------------+-------+-------+-------++-------
Melee: War axe           |    85 |   161 |    42 ||   288
       Headbutt          |    11 |    15 |    10 ||    36
  Use: Potion            |       |     1 |     1 ||     2
  Eat: Chunk             |     1 |     5 |       ||     6
       Ration            |       |       |     1 ||     1
Armor: Scale mail        |    36 |    61 |     8 ||   105
       Ring mail         |       |       |    18 ||    18
Dodge: Dodged            |    28 |    38 |    14 ||    80
Block: Kite shield       |    44 |    72 |    26 ||   142

Table legend:
 A = Non-vault XP
 B = Vault XP
 C = Vault XP percentage of total XP
 D = Non-vault monster count
 E = Vault monster count
 F = Vault count percentage of total count
                 A         B        C        D         E       F
            +---------+---------+-------+---------+---------+-------
      Total |     547 |     531 |  49.3 |      89 |      10 |  10.1
            +---------+---------+-------+---------+---------+-------
        D:1 |      37 |       2 |   5.1 |      23 |       1 |   4.2
        D:2 |      71 |       0 |   0.0 |      18 |       0 |   0.0
        D:3 |     170 |     529 |  75.7 |      33 |       9 |  21.4
        D:4 |     269 |       0 |   0.0 |      15 |       0 |   0.0
            +---------+---------+-------+---------+---------+-------
